cohdb
Replays
Latest Replays
All Replays
Popular Replays
Top Player Replays
Match Explorer
How It Works
Community
CoH3 Stats
Reddit
Sign in to upload your games and track your stats! →
Sign in with Steam
Match 38861292
Unlisted
Match 38861292
Overview
Messages
Build Orders
End
Scout Squad
Construct Barracks
Riflemen Squad
Riflemen Squad
Riflemen Squad
Infantry Support Center
Construct Medical Station
Construct Motor Pool
M1 Anti-tank Gun Team
M8 Greyhound Armored Car
M1 Mortar Team
Engineer Squad
M1918 Browning Automatic Rifles
Captain Retinue
Riflemen Squad
Grenade Package
Selects Armored Battlegroup
Selects Strength in Steel
Selects Veteran Crews
Selects M31 Recovery Vehicle
Selects M8 Scott SPG
Selects War Machine
M24 Chaffee Light Tank
M24 Chaffee Light Tank
RINZLER
REGULATOR
0
0
Comments
sign in to comment!
No comments posted yet!